 Dungeon Crawl Stone Soup version 0.24-a0-123-ga2403f3 (console) character file.

Game seed: 14418280944950040144

26119 Duffy the Cleaver (level 13, 61/122 (123) HPs)
             Began as a Naga Gladiator on Feb 22, 2019.
             Was a High Priest of the Shining One.
             Quit the game on level 3 of the Lair of Beasts.
             The game lasted 00:16:31 (18365 turns).

Duffy the Cleaver (Naga Gladiator)                 Turns: 18365, Time: 00:16:31

HP:   61/122 (123)  AC: 11    Str: 20    XL:     13   Next: 23%
MP:   19/19         EV: 14    Int: 13    God:    the Shining One [*****.]
Gold: 712           SH:  0    Dex: 10    Spells: 12/12 levels left

rFire    + . .     SeeInvis +   H - +3 battleaxe
rCold    + . .     Gourm    .   (shield currently unavailable)
rNeg     + + +     Faith    .   F - +2 robe {rC+}
rPois    +         Spirit   .   c - +1 helmet
rElec    .         Reflect  .   (no cloak)
rCorr    .         Harm     .   R - +1 pair of gloves
MR       ++...                  (no barding)
Stlth    +.........             u - amulet of rage
HPRegen  0.30/turn              G - ring of positive energy
MPRegen  0.16/turn              b - +2 ring of strength

@: glowing, very slow
A: large, see invisible, blink, clumsy 1, deformed body, fire resistance 1,
magic resistance 1, mutation resistance 1, poison resistance, slowness 2, slow
metabolism 1, spit poison 1, constrict 1, AC +4
a: Spit Poison, Blink, Divine Shield, Cleansing Flame, Summon Divine Warrior,
Renounce Religion, Evoke Berserk Rage


You were on level 3 of the Lair of Beasts.
You worshipped the Shining One.
The Shining One was extremely pleased with you.
You were not hungry.

You visited 2 branches of the dungeon, and saw 14 of its levels.

You collected 712 gold pieces.

Inventory:

Hand Weapons
 D - the +10 spear of Hinoah {pierce, rPois rF+ MR- Dex+7}
   (You found it on level 6 of the Dungeon)

   It inflicts extra damage upon your enemies.
   It affects your dexterity (+7).
   It protects you from fire.
   It protects you from poison.
   It affects your resistance to hostile enchantments.
 H - a +3 battleaxe (weapon)
 I - a +3 dire flail of freezing
 X - a +1 scimitar of flaming
Missiles
 d - 5 throwing nets (quivered)
Armour
 c - a +1 helmet (worn)
 i - the +1 pair of gloves "Seluyr" {+Inv Str-4 Int+5}
   (You found it on level 2 of the Lair of Beasts)

   It affects your strength (-4).
   It affects your intelligence (+5).
   It lets you turn invisible.
 y - a +0 leather armour of fire resistance
 F - a +2 robe of cold resistance (worn)
 R - a +1 pair of gloves (worn)
Jewellery
 b - a +2 ring of strength (right hand)
 u - an amulet of rage (around neck)
 G - a ring of positive energy (left hand)
Wands
 l - a wand of acid (4)
 n - a wand of enslavement (5)
 r - a wand of polymorph (29)
 z - a wand of paralysis (2)
 C - a wand of flame (11)
 L - a wand of clouds (4)
 N - a wand of digging (6)
Scrolls
 e - 9 scrolls of teleportation
 h - 3 scrolls of remove curse
 k - 4 scrolls of vulnerability
 p - 2 scrolls of immolation
 q - 2 scrolls of blinking
 v - 2 scrolls of magic mapping
 w - 2 scrolls of enchant weapon
 A - 3 scrolls of enchant armour
 P - a scroll of fear
 T - 2 scrolls of fog
Potions
 a - a potion of haste {unknown}
 g - 2 potions of berserk rage
 j - 4 potions of brilliance
 m - 4 potions of heal wounds
 s - 2 potions of might {unknown}
 t - a potion of lignification
 E - a potion of cancellation {unknown}
 K - a potion of agility
 M - 3 potions of flight
 O - 3 potions of curing
 Q - 2 potions of ambrosia
Comestibles
 f - 21 rations


   Skills:
 + Level 10.0 Fighting
 - Level 14.0 Axes
 - Level 1.7 Throwing
 + Level 10.0 Dodging
 - Level 8.1 Evocations


You had 12 spell levels left.
You didn't know any spells.
Your spell library contained the following spells:

 Spells                   Type           Power        Failure   Level  Hunger
 Animate Skeleton         Necr           N/A          30%         1    ##.....
 Apportation              Tloc           #.....       30%         1    ##.....
 Beastly Appendage        Tmut           #.....       30%         1    ##.....
 Confusing Touch          Hex            #.....       30%         1    ##.....
 Corona                   Hex            #......      30%         1    ##.....
 Sandblast                Erth           #.....       30%         1    ##.....
 Summon Small Mammal      Summ           #...         30%         1    ##.....
 Ensorcelled Hibernation  Hex/Ice        #.....       43%         2    ###....
 Passwall                 Tmut/Erth      #.......     43%         2    ###....
 Sticks to Snakes         Tmut           #.......     43%         2    ###....
 Confuse                  Hex            #.......     67%         3    ####...
 Dazzling Spray           Conj/Hex       #.....       67%         3    ####...
 Spider Form              Tmut/Pois      #.........   67%         3    ####...
 Stone Arrow              Conj/Erth      #.....       67%         3    ####...
 Tukima's Dance           Hex            #.......     67%         3    ####...
 Ice Form                 Ice/Tmut       #.......     97%         4    #####..
 Petrify                  Tmut/Erth      #.......     97%         4    #####..
 Blade Hands              Tmut           #.........   100%        5    ######.
 Lee's Rapid Deconstruct  Erth           #.........   100%        5    ######.


Dungeon Overview and Level Annotations

Branches:
Dungeon (11/15)            Temple (0/1) D:6            Lair (3/6) D:9
  Swamp: Lair:2-4    Shoals: Lair:2-4     Snake: Lair:2-4    Spider: Lair:2-4
    Orc: D:9-12

Altars:
Ashenzari
Cheibriados
Elyvilon
Fedhas
Hepliaklqana
Nemelex Xobeh
Qazlal
Sif Muna
Trog
Uskayaw
Vehumet
Wu Jian
Yredelemnul
The Shining One


Innate Abilities, Weirdness & Mutations

You cannot wear boots.
Your serpentine skin is tough. (AC +4)
You have supernaturally acute eyesight. (SInv)
Armour fits poorly on your strangely shaped body.
Your system is resistant to poisons. (rPois)
You cover ground very slowly.
You have a slow metabolism.
You can spit poison.
You can use your snake-like lower body to constrict enemies.
You can translocate small distances at will.
You are clumsy. (Dex -2)
Your flesh is heat resistant. (rF+)
You are resistant to hostile enchantments. (MR+)
You are somewhat resistant to further mutation.


Message History

The wolf is heavily wounded.
You slash the wolf! You slash the plant! You hit the plant.
The wolf bites you but does no damage. The wolf bites you!
You are too injured to fight recklessly!
You are too injured to fight recklessly!
You are too injured to fight recklessly!
You are too injured to fight recklessly!
You are too injured to fight recklessly!
You are too injured to fight recklessly!
You are too injured to fight recklessly!
You are too injured to fight recklessly!
You are too injured to fight recklessly!
You are too injured to fight recklessly!
You are too injured to fight recklessly!
You are too injured to fight recklessly!
You are too injured to fight recklessly!
You are too injured to fight recklessly!
You are too injured to fight recklessly!
You are too injured to fight recklessly!
Are you sure you want to abandon this character and quit the game? (Confirm with "yes".)

..##...##...##.....
............##......
##.........#^......
##............P... .
###...###......<.
... #.}.#....##P##.
....#.#......# ##
..>...h....P##
......h@P..##
.......P####
.....F... FHP.....##
....S#..# .....#...
##.F ...# ... ...#


You could see a hippogriff, 3 blink frogs, a water moccasin and 2 wolves.

Vanquished Creatures
  Gastronok (D:11)
  Fannar (Lair:1)
  A hydra (Lair:2)
  Erica (D:11)
  2 two-headed ogres
  A centaur warrior (D:9)
  Pikel (D:8)
  An ugly thing (D:11)
  A cyclops (D:11)
  A manticore (D:11)
  2 centaur zombies (D:11)
  4 molten gargoyles (D:9)
  Psyche (D:8)
  3 spiny frogs (Lair:1)
  2 rime drakes
  2 komodo dragons
  3 trolls
  4 hippogriffs
  7 blink frogs
  23 yaks
  4 basilisks
  2 wyverns (D:11)
  2 soldier ants (D:8)
  9 porcupines
  3 orc warriors
  A water moccasin (Lair:2)
  An eye of draining (D:9)
  3 sky beasts
  A slave (D:8)
  2 ice beasts
  5 ogres
  A necrophage (D:10)
  8 wolves
  A phantom (D:10)
  7 centaurs
  9 crocodiles
  A big kobold (D:8)
  10 bullfrogs
  A wyvern zombie (D:6)
  A gnoll sergeant (D:9)
  2 wyvern skeletons
  5 scorpions
  5 killer bees (D:10)
  5 wights (D:7)
  2 howler monkeys (D:10)
  2 bullfrog zombies
  A lava snake (D:9)
  3 crimson imps
  4 jellies
  2 quasits
  7 orc priests
  2 bullfrog skeletons
  5 hounds
  A centaur skeleton (D:7)
  4 iguanas
  19 orc wizards
  9 worker ants
  A hound skeleton (D:7)
  2 worker ant zombies
  3 gnolls (D:9)
  11 adders
  3 shadow imps
  2 oozes
  An adder skeleton (D:4)
  3 adder zombies
  4 worms
  3 dart slugs (D:1)
  4 leopard geckos
  26 orcs
  A giant cockroach (D:3)
  10 goblins
  2 hobgoblins
  4 jackals
  A quokka (D:10)
  5 bats
  2 frilled lizards
  A jackal zombie (D:5)
  8 kobolds
  A leopard gecko zombie (D:6)
  A quokka zombie (D:6)
  3 rats
  A fungus (Lair:1)
315 creatures vanquished.

Vanquished Creatures (others)
  A blink frog (Lair:1)
  2 bushes (D:9)
  3 fungi (D:9)
  21 plants (D:9)
27 creatures vanquished.

Grand Total: 342 creatures vanquished

Notes
Turn   | Place    | Note
-------+----------+-------------------------------------------
     0 | D:1      | Duffy the Naga Gladiator began the quest for the Orb.
     0 | D:1      | Reached XP level 1. HP: 19/19 MP: 1/1
    68 | D:1      | Reached XP level 2. HP: 26/26 MP: 2/2
   551 | D:1      | Reached skill level 4 in Axes
   584 | D:1      | Reached XP level 3. HP: 31/32 MP: 3/3
  1174 | D:2      | Found a deep blue altar of Sif Muna.
  1613 | D:2      | Found a blossoming altar of Fedhas.
  1833 | D:3      | Found a basalt altar of Yredelemnul.
  2037 | D:3      | Reached skill level 1 in Evocations
  2067 | D:3      | Found a radiant altar of Vehumet.
  2138 | D:3      | Reached XP level 4. HP: 39/39 MP: 4/4
  2358 | D:3      | Found a shattered altar of Ashenzari.
  2385 | D:3      | You fall through a shaft!
  2395 | D:4      | Noticed an ogre
  2405 | D:4      | Killed an ogre
  2405 | D:4      | Reached skill level 5 in Axes
  2405 | D:4      | Reached XP level 5. HP: 24/45 MP: 4/6
  2863 | D:4      | Reached XP level 6. HP: 47/52 MP: 8/8
  3172 | D:3      | Found a white marble altar of Elyvilon.
  3274 | D:3      | Found a glowing golden altar of the Shining One.
  3280 | D:3      | Became a worshipper of the Shining One
  4086 | D:5      | Entered Level 5 of the Dungeon
  4086 | D:5      | Found a sparkling altar of Nemelex Xobeh.
  4158 | D:5      | Reached skill level 6 in Axes
  4161 | D:5      | HP: 2/78 [orc wizard/+0 dagger (2)]
  4167 | D:5      | The Shining One protects you from harm!
  4170 | D:5      | HP: 1/78 [orc (3)]
  4186 | D:5      | Reached XP level 7. HP: 4/60 MP: 10/10
  4771 | D:5      | Found a bloodstained altar of Trog.
  5312 | D:5      | Reached skill level 5 in Evocations
  5454 | D:5      | Found a stormy altar of Qazlal.
  5454 | D:5      | Found a hazy altar of Hepliaklqana.
  5685 | D:5      | Reached skill level 7 in Axes
  5858 | D:6      | Got a dazzling spear
  5859 | D:6      | Identified the +10 spear of Hinoah {pierce, rPois rF+ MR-
                  | Dex+7} (You found it on level 6 of the Dungeon)
  5894 | D:6      | Reached XP level 8. HP: 49/69 MP: 11/11
  6082 | D:6      | Reached * piety under the Shining One
  6095 | D:6      | Found a staircase to the Ecumenical Temple.
  6302 | D:6      | Found a hazy altar of Hepliaklqana.
  6528 | D:7      | Noticed a hippogriff
  6535 | D:7      | Killed a hippogriff
  6804 | D:7      | Reached skill level 5 in Fighting
  6810 | D:7      | Reached ** piety under the Shining One
  7137 | D:7      | Reached skill level 8 in Axes
  7137 | D:7      | Reached XP level 9. HP: 74/81 MP: 12/12
  7503 | D:7      | Found a snail-covered altar of Cheibriados.
  7655 | D:7      | Found a blossoming altar of Fedhas.
  8381 | D:8      | Reached skill level 5 in Dodging
  8408 | D:8      | Found an ornate altar of the Wu Jian Council.
  8408 | D:8      | Noticed Psyche
  8416 | D:8      | Killed Psyche
  8416 | D:8      | Reached skill level 9 in Axes
  8728 | D:8      | Noticed Pikel
  8736 | D:8      | Killed Pikel
  8736 | D:8      | Reached XP level 10. HP: 72/94 MP: 13/13
  9632 | D:9      | Noticed a centaur warrior
  9637 | D:9      | Reached skill level 10 in Axes
  9639 | D:9      | Killed a centaur warrior
  9829 | D:9      | Noticed a molten gargoyle
  9837 | D:9      | Killed a molten gargoyle
 10182 | D:9      | Noticed a molten gargoyle
 10188 | D:9      | Killed a molten gargoyle
 10208 | D:9      | Reached XP level 11. HP: 87/103 MP: 15/15
 11165 | D:9      | Noticed a two-headed ogre
 11173 | D:9      | Killed a two-headed ogre
 11281 | D:9      | Found a staircase to the Lair.
 11765 | D:9      | Reached *** piety under the Shining One
 11836 | D:9      | Found a hide-covered altar of Uskayaw.
 12058 | D:10     | Entered Level 10 of the Dungeon
 12117 | D:10     | Reached skill level 11 in Axes
 12688 | D:10     | Noticed a two-headed ogre
 12695 | D:10     | Killed a two-headed ogre
 13207 | D:10     | Reached **** piety under the Shining One
 13212 | D:10     | Reached XP level 12. HP: 111/111 MP: 18/18
 13354 | Lair:1   | Entered Level 1 of the Lair of Beasts
 13872 | Lair:1   | Noticed Fannar
 13891 | Lair:1   | HP: 5/113 [Fannar/bolt of cold (22)]
 13904 | Lair:1   | Killed Fannar
 14529 | Lair:1   | Reached skill level 12 in Axes
 15749 | D:11     | Reached skill level 10 in Fighting
 16103 | D:11     | Noticed Gastronok
 16127 | D:11     | Killed Gastronok
 16127 | D:11     | Reached skill level 10 in Dodging
 16576 | D:11     | Reached ***** piety under the Shining One
 16680 | D:11     | Noticed Erica
 16691 | D:11     | Killed Erica
 16691 | D:11     | Reached skill level 13 in Axes
 16691 | D:11     | Gained mutation: You can use your snake-like lower body to
                  | constrict enemies. [Naga growth]
 16691 | D:11     | Reached XP level 13. HP: 91/122 MP: 19/19
 17794 | Lair:2   | Got a pair of jewelled gloves
 17805 | Lair:2   | Identified the +1 pair of gloves "Seluyr" {+Inv Str-4
                  | Int+5} (You found it on level 2 of the Lair of Beasts)
 18058 | Lair:2   | Gained mutation: You are agile. (Dex +2) [potion of
                  | mutation]
 18058 | Lair:2   | Lost mutation: You are agile. (Dex +2) [potion of mutation]
 18058 | Lair:2   | Gained mutation: You passively map a small area around you.
                  | [potion of mutation]
 18059 | Lair:2   | Lost mutation: You passively map a small area around you.
                  | [potion of mutation]
 18059 | Lair:2   | Gained mutation: Your magical capacity is low. (-10% MP)
                  | [potion of mutation]
 18059 | Lair:2   | Gained mutation: Your body sometimes deteriorates upon
                  | taking damage. [potion of mutation]
 18059 | Lair:2   | Gained mutation: You can translocate small distances at
                  | will. [potion of mutation]
 18059 | Lair:2   | Gained mutation: You are resistant to hostile enchantments.
                  | (MR+) [potion of mutation]
 18068 | Lair:2   | Lost mutation: Your magical capacity is low. (-10% MP)
                  | [potion of mutation]
 18068 | Lair:2   | Lost mutation: Your body sometimes deteriorates upon taking
                  | damage. [potion of mutation]
 18068 | Lair:2   | Gained mutation: Your flesh is heat resistant. (rF+)
                  | [potion of mutation]
 18068 | Lair:2   | Gained mutation: You are clumsy. (Dex -2) [potion of
                  | mutation]
 18068 | Lair:2   | Gained mutation: You are somewhat resistant to further
                  | mutation. [potion of mutation]
 18363 | Lair:3   | Reached skill level 14 in Axes
 18365 | Lair:3   | Quit the game

Levels and vault maps discovered:
D:1:      ncdulo_wetmaze, layout_basic
D:2:      layout_basic, led_sif_pool, nrook_mini_backslash, fedhas_altar_1
D:3:      layout_loops_cross, nicolae_ashenzari_panopticon,
          lemuel_coloured_pillars_altar, fiery_altar_vehumet, marbit_many_paths,
          nicolae_tso_carved_into_rock, minmay_quadrilaterals
D:4:      layout_loops_cross, first_ration
D:5:      layout_loops_ring, nemelex_xobeh_ov_fountains_minmay,
          lemuel_crystal_altar, gammafunk_temple_overflow_wave,
          minmay_a_box_with_orc_wizards_in_it
D:6:      layout_rooms, minmay_temple_entry_large_hall, basic_altar
D:7:      layout_loops_corners, lemuel_doored_altar, cheibrodos_worm_habitat
D:8:      layout_basic, nicolae_overflow_crystal_walls,
          hangedman_pestilent_swarm, uniq_psyche, uniq_pikel
D:9:      layout_small_grid, eat_drink_and_be_merry_uskayaw,
          minmay_lair_entry_grove, minivault_8
D:10:     layout_irregular_city
D:11:     layout_long_grid, uniq_gastronok, uniq_erica
Lair:1:   layout_gridlike, beast_lair_carwin_5, grunt_megastairs_3, uniq_fannar
Lair:2:   layout_regular_city
Lair:3:   layout_chaotic_city, lemuel_fruit_fields, grunt_megastairs_5

Skill      XL: |  1  2  3  4  5  6  7  8  9 10 11 12 13 |
---------------+----------------------------------------+-----
Axes           | 4 5 6 7 8 9 10 11 13 14 | 14.0
Evocations     | 1 2 3 4 5 8 |  8.1
Fighting       | 3 5 7 8 10 | 10.0
Dodging        | 4 5 8 10 | 10.0
Throwing       | |  1.7

Action                   |  1- 3 |  4- 6 |  7- 9 | 10-12 | 13-15 || total
-------------------------+-------+-------+-------+-------+-------++-------
Melee: War axe           |    78 |    87 |    55 |       |       ||   220
       Spear             |       |       |   192 |   128 |       ||   320
       Battleaxe         |       |       |       |   307 |    54 ||   361
       Constrict         |       |       |       |       |    11 ||    11
       Scimitar          |       |       |       |       |     3 ||     3
 Abil: Spit Poison       |     2 |    10 |     4 |       |       ||    16
       Evoke Berserk Rag |       |     3 |     1 |    11 |       ||    15
Evoke: Wand              |       |       |     1 |    29 |     3 ||    33
  Use: Potion            |       |     1 |       |       |     3 ||     4
       Scroll            |       |       |    11 |     8 |     5 ||    24
  Eat: Chunk             |     3 |     9 |     9 |    17 |     1 ||    39
       Ration            |       |       |     1 |     4 |     1 ||     6
Armor: Leather armour    |    44 |    18 |    31 |    74 |       ||   167
       Skin              |       |     5 |       |       |       ||     5
       Robe              |       |       |       |    50 |    25 ||    75
Dodge: Dodged            |    64 |    36 |   111 |   280 |    62 ||   553

Table legend:
 A = Non-vault XP
 B = Vault XP
 C = Vault XP percentage of total XP
 D = Non-vault monster count
 E = Vault monster count
 F = Vault count percentage of total count
                 A         B        C        D         E       F
            +---------+---------+-------+---------+---------+-------
      Total |   26385 |   10929 |  29.3 |     267 |      47 |  15.0
            +---------+---------+-------+---------+---------+-------
        D:1 |      40 |       0 |   0.0 |      18 |       0 |   0.0
        D:2 |       9 |       0 |   0.0 |       5 |       0 |   0.0
        D:3 |      34 |      34 |  50.0 |      10 |       7 |  41.2
        D:4 |     298 |       0 |   0.0 |      11 |       0 |   0.0
        D:5 |     639 |     110 |  14.7 |      20 |       3 |  13.0
        D:6 |     367 |       0 |   0.0 |      11 |       0 |   0.0
        D:7 |    1381 |       5 |   0.4 |      28 |       1 |   3.4
        D:8 |     696 |    1387 |  66.6 |      11 |       6 |  35.3
        D:9 |    5088 |    3719 |  42.2 |      37 |      17 |  31.5
       D:10 |    4614 |       0 |   0.0 |      47 |       0 |   0.0
       D:11 |    5529 |    3059 |  35.6 |      35 |       2 |   5.4
     Lair:1 |    3887 |    2615 |  40.2 |      15 |      11 |  42.3
     Lair:2 |    3458 |       0 |   0.0 |      16 |       0 |   0.0
     Lair:3 |     345 |       0 |   0.0 |       3 |       0 |   0.0
            +---------+---------+-------+---------+---------+-------
